 Dungeon Crawl Stone Soup version 0.17-a0-2211-gbb7320e (webtiles) character file.

643 Leibowitz the Sneak (level 7, -1/57 HPs)
             Began as a Demigod Assassin on Oct 27, 2015.
             Slain by Grinder (2 damage)
             ... on level 5 of the Dungeon.
             The game lasted 00:20:38 (6904 turns).

Leibowitz the Sneak (Demigod Assassin)              Turns: 6904, Time: 00:20:39

Health: -1/57      AC:  4    Str: 14    XL:     7   Next: 5%
Magic:  9/9        EV: 15    Int: 15    God:
Gold:   209        SH:  0    Dex: 21    Spells: 0 memorised, 6 levels left

rFire  + . .     SeeInvis +     y - +0 dagger (holy)
rCold  . . .     Clarity  .     c - +0 robe
rNeg   . . .     SustAt   +     (no shield)
rPois  .         Gourm    .     (no helmet)
rElec  .         Spirit   .     d - +1 cloak
rCorr  .         Warding  .     (no gloves)
rMut   .         Stasis   .     (no boots)
MR     .....                    (no amulet)
Stlth  ++++......               k - ring of protection from fire
                                j - ring of see invisible

@: very slightly contaminated, hasted, invisible, very quick, not resistant to
hostile enchantments, stealthy
A: high mp 1, sustain attributes
a: no special abilities


You were on level 5 of the Dungeon.
You were not hungry.

You visited 1 branch of the dungeon, and saw 5 of its levels.

You collected 209 gold pieces.

Inventory:

Hand Weapons
 a - a +3 dagger
 b - a +0 blowgun
 q - the +9 whip of Experimentation {slash, *Noise +Inv rPois Dex+4}
   (You found it on level 4 of the Dungeon)

   It inflicts extra damage upon your enemies.
   It affects your dexterity (+4).
   It protects you from poison.
   It lets you turn invisible.
   It may make noises in combat.
 y - a +0 dagger of holy wrath (weapon)
Missiles
 e - 14 poisoned needles
 f - a curare-tipped needle
Armour
 c - a +0 robe (worn)
 d - a +1 cloak (worn)
Jewellery
 j - a ring of see invisible (left hand)
 k - a ring of protection from fire (right hand)
Scrolls
 h - 5 scrolls of identify
 n - 3 scrolls of blinking
 p - a scroll of magic mapping
Comestibles
 g - 4 bread rations
 l - 2 meat rations
 o - 3 fruits
 w - a beef jerky


   Skills:
 + Level 3.1 Fighting
 + Level 3.1 Short Blades
 + Level 2.4 Throwing
 + Level 4.1 Dodging
 + Level 5.8 Stealth


You had 6 spell levels left.
You didn't know any spells.

Dungeon Overview and Level Annotations

Branches:
Dungeon (5/15)
 Temple: D:4-7

Annotations:
D:5 Grinder


Innate Abilities, Weirdness & Mutations

You have an increased reservoir of magic (+10% MP).
Your attributes are resistant to harm.


Message History

You closely miss Grinder.
Grinder is heavily wounded.
Grinder gestures at you. You resist with some effort.
You hit Grinder but do no damage.
Grinder is heavily wounded.
You hit Grinder but do no damage.
Grinder is heavily wounded.
Grinder hits you.
* * * LOW HITPOINT WARNING * * *
Drink which item? (? for menu, Esc to quit)
It was a potion of invisibility.
You fade into invisibility!
Grinder hits you but does no damage.
You are very lightly contaminated with residual magic.
Drink which item? (? for menu, Esc to quit)
You feel yourself speed up. Grinder hits you.
* * * LOW HITPOINT WARNING * * *
You writhe in agony.
You die...

# ##. ## #.# #.#
#.# #.###.# ..
#.##.# . ...
#..#.###..#
...######...@....#
....#......5....##
.....!.........##
..............##
..........####....
....##..### #...
...# ##.# ...
....# #.# .....
.....##.# .....


You could see Grinder.

Vanquished Creatures
  A phantom (D:4)
  A centaur zombie (D:4)
  A giant frog zombie (D:4)
  3 orc priests (D:4)
  A hound (D:4)
  An orc wizard (D:4)
  An iguana (D:4)
  A worker ant (D:4)
  12 adders
  3 gnolls (D:3)
  An ooze (D:1)
  9 worms
  5 giant geckos
  13 orcs
  4 giant cockroaches
  9 goblins
  12 hobgoblins
  7 kobolds
  2 ball pythons
  6 bats
  A giant gecko skeleton (D:4)
  3 giant newts
  5 jackals
  2 jackal skeletons (D:4)
  3 quokkas (D:2)
  A quokka skeleton (D:4)
  10 rats
118 creatures vanquished.

Notes
Turn   | Place    | Note
--------------------------------------------------------------
     0 | D:1      | Leibowitz the Demigod Assassin began the quest for the Orb.
     0 | D:1      | Reached XP level 1. HP: 17/17 MP: 3/3
   476 | D:1      | Reached skill level 4 in Stealth
   476 | D:1      | Reached XP level 2. HP: 15/24 MP: 4/4
   785 | D:2      | Reached skill level 1 in Dodging
   785 | D:2      | Reached XP level 3. HP: 14/29 MP: 5/5
  1272 | D:2      | Found an opulent altar of Gozag.
  1272 | D:2      | Found a burning altar of Makhleb.
  1295 | D:2      | Found a deep blue altar of Sif Muna.
  1302 | D:2      | Found a basalt altar of Yredelemnul.
  2309 | D:2      | Reached XP level 4. HP: 22/36 MP: 6/6
  2550 | D:2      | Found a sacrificial altar of Ru.
  3079 | D:2      | Found a glowing silver altar of Zin.
  3360 | D:2      | Noticed a moth of wrath
  3362 | D:2      | Found a bloodstained altar of Trog.
  3992 | D:3      | Reached XP level 5. HP: 34/42 MP: 7/7
  4523 | D:3      | Reached skill level 5 in Stealth
  5126 | D:3      | Reached XP level 6. HP: 14/50 MP: 8/8
  5615 | D:4      | Found a shattered altar of Ashenzari.
  6217 | D:4      | Got a faintly glowing whip
  6218 | D:4      | Identified the +9 whip of Experimentation {slash, *Noise +Inv rPois Dex+4} (You found it on level 4 of the Dungeon)
  6621 | D:4      | Reached XP level 7. HP: 22/57 MP: 9/9
  6826 | D:5      | Entered Level 5 of the Dungeon
  6855 | D:5      | Noticed Grinder
  6904 | D:5      | HP: 1/57 [Grinder (5)]
  6904 | D:5      | Slain by Grinder

Vault maps used:
D:1:      mainiacjoe_arrival_reflecting_pool
D:2:      nicolae_ru_sacrificial_ziggurat, lemuel_crystal_altar,
          grunt_temple_overflow_cloverleaf, tgw_trog
D:4:      old_standard_altar, first_bread
D:5:      nicolae_overflow_crystal_walls, temple_fountains,
          minmay_splitting_lines, lemuel_old_faithful, uniq_grinder,
          uniq_blork_the_orc

Action                   |  1- 3 |  4- 6 |  7- 9 || total
-------------------------+-------+-------+-------++-------
Melee: Dagger            |   184 |   311 |    35 ||   530
       Whip              |       |    15 |       ||    15
 Fire: Blowgun           |     4 |    20 |       ||    24
  Use: Potion            |       |     7 |     2 ||     9
       Scroll            |       |     8 |     1 ||     9
 Stab: Sleeping          |    10 |    14 |       ||    24
       Distracted        |       |     3 |       ||     3
  Eat: Chunk             |     4 |    14 |     1 ||    19
